 Seeded DCSS version 0.27-a0-1217-g8a41f320e8 (webtiles) character file.

Game seed: 127 (custom seed)

358 Snicker the Covert (level 6, -11/28 HPs)
             Began as a Spriggan Enchanter on June 6, 2021.
             Killed from afar by Grinder (13 damage)
             ... with a puff of flame
             ... on level 3 of the Dungeon.
             The game lasted 00:07:12 (4101 turns).

Snicker the Covert (Spriggan Enchanter)             Turns: 4101, Time: 00:07:12

Health: -11/28     AC:  2    Str:  4    XL:     6   Next: 37%
Magic:  7/11       EV: 17    Int: 24    God:
Gold:   85         SH:  0    Dex: 16    Spells: 4/10 levels left

rFire    . . .     SeeInvis +   a - +1 dagger
rCold    . . .     Faith    .   (shield restricted)
rNeg     . . .     Spirit   .   b - +0 robe
rPois    .         Reflect  .   (helmet restricted)
rElec    .         Harm     .   (no cloak)
rCorr    +         Rampage  .   (gloves unavailable)
Will     +....                  (boots unavailable)
Stlth    ++++......             (no amulet)
HPRegen  0.09/turn              e - +6 ring of intelligence
MPRegen  0.12/turn              k - ring of resist corrosion

@: confusing by touch, very quick
A: very small, no large weapons, unfitting armour, see invisible, speed 3
a: no special abilities


You were on level 3 of the Dungeon.
You visited 1 branch of the dungeon, and saw 3 of its levels.

You collected 85 gold pieces.

Inventory:

Hand Weapons
 a - a +1 dagger (weapon)
Armour
 b - a +0 robe (worn)
Jewellery
 e - a +6 ring of intelligence (left hand)
 k - a ring of resist corrosion (right hand)
Scrolls
 c - a scroll of vulnerability {unknown}
 d - a scroll of immolation {unknown}
 g - a scroll of fear {unknown}
 l - a scroll of teleportation {unknown}
Potions
 f - a potion of flight {unknown}
 h - a potion of curing {unknown}
 i - a potion of heal wounds {unknown}
 j - a potion of cancellation {unknown}
 m - a potion of degeneration {unknown}


   Skills:
 * Level 3.1 Short Blades
 - Level 2.6 Dodging
 * Level 9.5 Stealth
 - Level 2.6 Spellcasting
 - Level 3.6 Hexes
 + Level 1.6 Ice Magic


You had 4 spell levels left.
You knew the following spells:

 Your Spells              Type           Power      Damage    Failure   Level
a - Corona                Hex            22%        N/A       2%          1
b - Ensorcelled Hibernat  Hex/Ice        30%        N/A       6%          2
c - Confusing Touch       Hex            20%        N/A       8%          3

Your spell library contained the following spells:

 Spells                   Type           Power      Damage    Failure   Level
 Tukima's Dance           Hex            20%        N/A       8%          3
 Dazzling Flash           Conj/Hex       22%        N/A       16%         3


Dungeon Overview and Level Annotations

Branches:
Dungeon (3/15)

Altars:
Fedhas

Annotations:
D:3 Grinder


Innate Abilities, Weirdness & Mutations

You are very small and have problems with some larger weapons.
You are too small for most types of armour.
You have supernaturally acute eyesight. (SInv)
You cover ground extremely quickly. (Speed+++)


Message History

Grinder is severely wounded.
You hit Grinder but do no damage.
Grinder is severely wounded.
You hit Grinder but do no damage.
Grinder is severely wounded.
You barely miss Grinder.
Grinder is severely wounded.
You barely miss Grinder.
Grinder is severely wounded.
You hit Grinder.
Grinder is severely wounded.
You hit Grinder but do no damage.
Grinder is severely wounded.
Grinder hits you.
You writhe in agony.
You hit Grinder but do no damage.
Grinder is severely wounded.
You hit Grinder but do no damage.
Grinder is severely wounded.
Grinder misses you.
You barely miss Grinder.
Grinder is severely wounded.
Grinder barely misses you.
You hit Grinder but do no damage.
Grinder is severely wounded.
You hit Grinder.
Grinder is almost dead.
Grinder seems less confused.
Grinder misses you.
Okay, then.
Unknown command.
Casting: Confusing Touch (quite dangerous; 8% risk of failure)
Confirm with . or Enter, or press ? or * to list all spells.
The spell is quite dangerous to cast (8% risk of failure)!
Continue anyway?
Your hands begin to glow red.
Grinder says, "Are you a fish?"
Grinder zaps a wand.
The puff of flame hits you!
* * * LOW HITPOINT WARNING * * *
You barely miss Grinder.
Grinder is almost dead.
Grinder zaps a wand.
The puff of flame hits you!
You die...

#...# #...# #
#...# # #...# #
############...#
#
#..............#
#
#.#####......).#
# #.# #........#
# #@# #........#
# #5# #....[...#
# #.# #........#
# #.# #.......##
# #.# #.....(.#
# #.# #.......#
# #.#
###.......# #..
..........####
.......#..##..


You could see Grinder.

Vanquished Creatures
  Sigmund (D:3)
  Jessica (D:3)
  Terence (D:2)
  6 adders
  3 gnolls (D:2)
  A worm (D:3)
  A dart slug (D:1)
  5 ball pythons
  5 endoplasms
  4 hobgoblins
  14 jackals
  4 kobolds
  A quokka (D:3)
  3 bats
  4 frilled lizards
  7 goblins
  4 rats
65 creatures vanquished.

Notes
Turn   | Place    | Note
-------+----------+-------------------------------------------
     0 | D:1      | Snicker the Spriggan Enchanter began the quest for the Orb.
     0 | D:1      | Reached XP level 1. HP: 9/9 MP: 5/5
   328 | D:1      | Reached skill level 5 in Stealth
   331 | D:1      | Reached XP level 2. HP: 7/13 MP: 6/6
   369 | D:1      | Learned a level 2 spell: Ensorcelled Hibernation
  1307 | D:1      | Reached skill level 6 in Stealth
  1340 | D:1      | Reached XP level 3. HP: 11/16 MP: 4/8
  1866 | D:2      | Noticed Terence
  1867 | D:2      | Killed Terence
  1893 | D:2      | Learned a level 3 spell: Confusing Touch
  1944 | D:2      | Reached XP level 4. HP: 21/21 MP: 4/9
  2193 | D:2      | Reached skill level 7 in Stealth
  2258 | D:2      | Found a faded altar of an unknown god.
  2769 | D:2      | Reached skill level 1 in Ice Magic
  3159 | D:3      | Reached XP level 5. HP: 24/24 MP: 10/10
  3159 | D:3      | Noticed Sigmund
  3170 | D:3      | Killed Sigmund
  3171 | D:3      | Reached skill level 9 in Stealth
  3171 | D:3      | Reached XP level 6. HP: 28/28 MP: 8/11
  3219 | D:3      | Found a blossoming altar of Fedhas.
  3257 | D:3      | Noticed Jessica
  3264 | D:3      | Killed Jessica
  4078 | D:3      | Noticed Grinder
  4101 | D:3      | Killed from afar by Grinder

Illustrated notes

Levels and vault maps discovered:
D:1:      wander_arrival_abandoned_jail, layout_loops_corners,
          minmay_pentomino_v2
D:2:      layout_loops_ring, shapermc_ecumenical_altar_mp_highgroup,
          uniq_terence
D:3:      layout_basic, general_overflow_altar, uniq_jessica, uniq_grinder,
          uniq_sigmund

Skill      XL: |  1  2  3  4  5 |
---------------+----------------+-----
Stealth        | 5 6 7 9 |  9.5
Short Blades   | 2 3 |  3.1
Ice Magic      | 1 |  1.6
Dodging        | |  2.6
Spellcasting   | |  2.6
Hexes          | |  3.6

Action                   |  1- 3 |  4- 6 || total
-------------------------+-------+-------++-------
Melee: Dagger            |    84 |    67 ||   151
 Cast: Ensorcelled Hiber |    19 |    34 ||    53
       Confusing Touch   |       |     2 ||     2
 Stab: Sleeping          |    19 |    32 ||    51
       Confused          |       |     1 ||     1
Armor: Robe              |     7 |       ||     7
Dodge: Dodged            |    55 |    34 ||    89

Table legend: (Time is in decaauts)
 A = Elapsed time spent in this place.
 B = Non-inter-level travel time spent in this place.
 C = Inter-level travel time spent in this place.
 D = Time resting spent in this place.
 E = Time spent auto-exploring this place.
 F = Levels seen in this place.
 G = Mean time per level.
                   A        B        C        D        E       F      G
               +--------+--------+--------+--------+--------+-----+--------+
         Total |   3194 |   3174 |     20 |    926 |   1816 |   3 | 1064.7 |
       Dungeon |   3194 |   3174 |     20 |    926 |   1816 |   3 | 1064.7 |
               +--------+--------+--------+--------+--------+-----+--------+

Top non-repeatable levels by time:
     D:1: 1668 daAuts
     D:2: 842 daAuts
     D:3: 683 daAuts
